 Dungeon Crawl Stone Soup version 0.29-a0-330-g52719c12eb (webtiles) character file.

Game seed: 15261368208967640649

595 Crownlay the Magician (level 7, -10/43 (46) HPs)
             Began as an Octopode Earth Elementalist on Apr 24, 2022.
             Mangled by a hell rat (18 damage)
             ... on level 5 of the Dungeon.
             The game lasted 00:05:41 (6034 turns).

Crownlay the Magician (Octopode Earth Elementalist) Turns: 6034, Time: 00:05:42

HP:   -10/43 (46)   AC:  1    Str:  7    XL:     7   Next: 40%
MP:   13/14         EV: 13    Int: 19    God:
Gold: 129           SH:  0    Dex: 13    Spells: 11/15 levels left

rFire   . . .      SeeInvis .   o - +2 dagger (venom)
rCold   . . .      Faith    .   (no shield)
rNeg    . . .      Spirit   .   (helmet restricted)
rPois   .          Reflect  .   (no amulet)
rElec   .          Harm     .   (no ring)
rCorr   .          Rampage  .   (no ring)
Will    .....                   (no ring)
Stlth   +++.......              (no ring)
HPRegen 0.14/turn               (no ring)
MPRegen 0.14/turn               (no ring)
                                (no ring)
                                (no ring)

@: about to teleport, drained
A: almost no armour, amphibious, 8 rings, camouflage 1, gelatinous body 1,
(nimble swimmer 1), tentacles
a: no special abilities


You were on level 5 of the Dungeon.
You visited 1 branch of the dungeon, and saw 5 of its levels.

You collected 129 gold pieces.

Inventory:

Hand Weapons
 o - a +2 dagger of venom (weapon)
Missiles
 k - 91 stones
Armour
 p - a +0 buckler
Magical Staves
 c - a staff of poison
Wands
 r - a wand of flame (9)
Scrolls
 a - 2 scrolls of blinking
 d - 2 scrolls of teleportation
 f - a scroll of fear
 j - a scroll of torment {unknown}
 l - a scroll of enchant weapon {unknown}
 m - 2 scrolls of magic mapping
Potions
 b - a potion of magic
 e - a potion of cancellation {unknown}
 g - a potion of resistance {unknown}
 h - a potion of ambrosia {unknown}
 i - a potion of invisibility {unknown}
 n - 2 potions of curing {unknown}
 q - 2 potions of heal wounds {unknown}


   Skills:
 + Level 3.1 Fighting
 - Level 2.0 Dodging
 - Level 2.6 Stealth
 * Level 4.8 Spellcasting
 + Level 3.3 Transmutations
 + Level 4.5 Earth Magic


You had 11 spell levels left.
You knew the following spells:

 Your Spells              Type           Power      Damage    Failure   Level
a - Sandblast             Erth           42%        2d11      1%          1
b - Stone Arrow           Conj/Erth      26%        3d8       14%         3

Your spell library contained the following spells:

 Spells                   Type           Power      Damage    Failure   Level
 Passwall                 Tmut/Erth      15%        N/A       3%          2
 Petrify                  Tmut/Erth      19%        N/A       24%         4
 Call Canine Familiar     Summ           4%         N/A       36%         3
 Portal Projectile        Hex/Tloc       8%         N/A       36%         3
 Leda's Liquefaction      Hex/Erth       6%         N/A       43%         4


Dungeon Overview and Level Annotations

Branches:
Dungeon (5/15)
 Temple: D:4-7

Altars:
Trog


Innate Abilities, Weirdness & Mutations

You cannot wear most types of armour.
You are amphibious.
You can wear up to eight rings at the same time.
Your skin changes colour to match your surroundings (Stealth+).
Your rubbery body absorbs attacks. (AC +1, EV +1)
((You are camouflaged when in or above water. (Stealth+)))
You have tentacles for arms and can constrict up to eight enemies at once.


Message History

You kill the river rat!
No target in view!
No target in view!
A river rat and a hell rat come into view.
You see here a river rat corpse.
A river rat comes into view. 2 river rats and 3 hell rats come into view. 2 river rats and 3 hell rats come into view.
Found the +2 ratskin cloak {*Rats rPois rN+ Str-1 Int-1 Dex+1}.
The hell rat roars deafeningly! x3
The hell rat barely misses you.
The hell rat roars deafeningly! x2
You hit the hell rat but do no damage.
The hell rat is poisoned.
Your grab misses the hell rat. The hell rat bites you!
You feel drained.
You hit the hell rat but do no damage.
The hell rat looks as sick as possible!
You grab the hell rat.
The hell rat is lightly wounded.
You constrict the hell rat, but do no damage.
The hell rat barely misses you.
You hit the hell rat but do no damage.
The hell rat looks as sick as possible!
The hell rat is moderately wounded.
You constrict the hell rat. The hell rat bites you. The hell rat bites you!
* * * LOW HITPOINT WARNING * * *
You are too injured to fight recklessly!
You are too injured to fight recklessly!
You release your grip on the hell rat.
The hell rat attacks as you move away! The hell rat completely misses you.
The hell rat misses you.
Casting: Stone Arrow (dangerous; 14% risk of failure)
Confirm with . or Enter, or press ? or * to list all spells.
Aiming: Sandblast (safe; 1% risk of failure)
Press: ? - help, Shift-Dir - straight line, f - hell rat
Aim: a hell rat (81% to hit)
The blast of sand hits the hell rat but does no damage.
k - 91 stones The hell rat bites you.
* * * LOW HITPOINT WARNING * * *
You feel drained.
As you read the scroll of teleportation, it crumbles to dust.
You feel strangely unstable. The hell rat bites you!!
You die...

.#..# ##.#.##.###############.#
.#..# #.##.#.#...########...#.#
.#..#####†###.###..##............
.#.....##.#####.###...#####.###.#
##...#.#.###.#. .###..# #.....#
.....#.##.##.rr .####.# #####.#
###..#.#.##..rr#..# #.# ###
.......#.# #rr#.# ..# ###..###†##
#rr#@.# ### #..# ##.#.rrr#..#
#..# #.##....#..# ###..#
##.#...###†# ..<..# #.##[. ##.#
###..# ##.### #.## #..# ##.####.#
#..# ##.##.## ...# #.#.##


You could see 3 hell rats and 3 river rats.

Vanquished Creatures
  Sigmund (D:3)
  Blork the orc (D:5)
  A scorpion (D:5)
  2 iguanas (D:4)
  Natasha (thrice) (D:3)
  3 river rats (D:5)
  7 adders
  3 worms
  4 dart slugs (D:2)
  3 orcs
  7 endoplasms
  6 giant cockroaches
  4 goblins
  6 hobgoblins
  3 jackals (D:2)
  5 quokkas
  5 ball pythons
  6 bats
  4 frilled lizards
  6 kobolds
  4 rats
84 creatures vanquished.

Vanquished Creatures (others)
  A fungus (D:3)
  6 plants
7 creatures vanquished.

Grand Total: 91 creatures vanquished

Notes
Turn   | Place    | Note
-------+----------+-------------------------------------------
     0 | D:1      | Crownlay the Octopode Earth Elementalist began the quest
                  | for the Orb.
     0 | D:1      | Reached XP level 1. HP: 11/11 MP: 3/3
   508 | D:1      | Reached XP level 2. HP: 9/18 MP: 3/5
  1995 | D:2      | Reached XP level 3. HP: 20/22 MP: 6/6
  2050 | D:2      | Reached skill level 1 in Fighting
  3007 | D:2      | Reached XP level 4. HP: 18/28 MP: 8/8
  3426 | D:3      | Noticed Sigmund
  3554 | D:3      | Killed Sigmund
  3555 | D:3      | Reached XP level 5. HP: 12/34 MP: 3/10
  3555 | D:3      | Reached XP level 6. HP: 13/39 MP: 3/11
  3752 | D:2      | Learned a level 3 spell: Stone Arrow
  3753 | D:3      | Noticed Natasha
  3759 | D:3      | Killed Natasha
  3788 | D:3      | Noticed Natasha
  3795 | D:3      | Killed Natasha
  3922 | D:3      | Found a faded altar of an unknown god.
  4059 | D:3      | Noticed Natasha
  4094 | D:3      | Killed Natasha
  4861 | D:4      | Found a bloodstained altar of Trog.
  5361 | D:4      | Reached XP level 7. HP: 45/45 MP: 13/13
  5432 | D:5      | Entered Level 5 of the Dungeon
  5457 | D:5      | Noticed Blork the orc
  5466 | D:5      | Killed Blork the orc
  6028 | D:5      | Found the +2 ratskin cloak {*Rats rPois rN+ Str-1 Int-1
                  | Dex+1}
  6034 | D:5      | Mangled by a hell rat

Illustrated notes

Levels and vault maps discovered:
D:1:      minmay_arrival_pointy, layout_basic, st_stairs_13
D:2:      layout_loops_ring, serial_forest, infiniplex_forest_split,
          infiniplex_forest_straight_3, infiniplex_forest_clump_cross,
          infiniplex_forest_corner_2, infiniplex_forest_side_room,
          infiniplex_forest_clump_small, infiniplex_forest_clump_tiny
D:3:      layout_rooms, shapermc_ecumenical_altar_acropolis,
          supply_closet_lemuel, glass_columns_a, uniq_natasha, uniq_sigmund
D:4:      layout_rooms, trog_butcher_becter, hangedman_decor_riveting
D:5:      wander_guarded_unrand_ratskin, layout_basic, minitemple,
          dreamdust_princess_bridge, uniq_edmund, uniq_blork_the_orc

Skill      XL: |  1  2  3  4  5  6  7 |
---------------+----------------------+-----
Fighting       | 1 2 3 |  3.1
Spellcasting   | 3 4 |  4.8
Transmutations | 2 3 |  3.3
Earth Magic    | 4 |  4.5
Dodging        | |  2.0
Stealth        | |  2.6

Action                   |  1- 3 |  4- 6 |  7- 9 || total
-------------------------+-------+-------+-------++-------
Melee: Unarmed           |    92 |     4 |       ||    96
       Tentacles         |    21 |    16 |     6 ||    43
       Constrict         |    26 |    18 |     5 ||    49
       Whip              |       |    36 |       ||    36
       Dagger            |       |    44 |    19 ||    63
       Punch             |       |     2 |     1 ||     3
 Cast: Sandblast         |    22 |    15 |     1 ||    38
       Stone Arrow       |       |     1 |     3 ||     4
  Use: Scroll            |       |     7 |     1 ||     8
 Stab: Sleeping          |    13 |    12 |     2 ||    27
Armor: Skin              |     8 |     3 |       ||    11
Dodge: Dodged            |    60 |    53 |    10 ||   123

Table legend: (Time is in decaauts)
 A = Elapsed time spent in this place.
 B = Non-inter-level travel time spent in this place.
 C = Inter-level travel time spent in this place.
 D = Time resting spent in this place.
 E = Time spent auto-exploring this place.
 F = Levels seen in this place.
 G = Mean time per level.
                   A        B        C        D        E       F      G
               +--------+--------+--------+--------+--------+-----+--------+
         Total |   6047 |   5899 |    148 |     37 |   5157 |   5 | 1209.4 |
       Dungeon |   6047 |   5899 |    148 |     37 |   5157 |   5 | 1209.4 |
               +--------+--------+--------+--------+--------+-----+--------+

Top non-repeatable levels by time:
     D:2: 2206 daAuts
     D:1: 1515 daAuts
     D:3: 1058 daAuts
     D:4: 664 daAuts
     D:5: 601 daAuts
